AoeStats
← Mojo Jojo

African Clearing

505578749Analyzed
4v4 RM · 22d ago on Sep 10, 2026· 27m 24s· 8 players
Game mode
Random Map
Map size
Large (8 player)
Population
200
Speed
Normal
Resources
Standard
Victory
Conquest
Starting age
Dark Age
Ending age
Imperial Age
RankedLock teamsTeams togetherTeam positionsShared explorationLock speedFull tech treeHidden civsTurbo modeCheats
Victory
Defeat
🇺🇸 Franks · United States
1344
+10
🇺🇸 Goths · United States
1312
+12
🇧🇷 Malay · Brazil
1180
+17
🇺🇸 Koreans · United States
971
+25
🇦🇷 Romans · Argentina
1306
-20
🇦🇷 Celts · Argentina
1234
-17
🇦🇷 Teutons · Argentina
1233
-17
🇦🇷 Shu · Argentina
1047
-10
LmC_Mr.Brown 2001
13:35 Feudal Age
13:58 Loom
17:55 Castle Age
16:46 Double-Bit Axe
22:28 Scale Barding Armor
23:39 Husbandry
24:42 Forging
26:31 Iron Casting
The Stray King
4:18 Loom
13:19 Feudal Age
13:31 Man-at-Arms
14:03 Double-Bit Axe
17:07 Town Watch
17:47 Fletching
23:21 Castle Age
23:46 Long Swordsman
24:26 Squires
24:34 Scale Mail Armor
25:06 Bow Saw
26:17 Bodkin Arrow
Jabrawlter
4:41 Loom
14:35 Feudal Age
16:12 Wheelbarrow
15:25 Double-Bit Axe
15:25 Horse Collar
20:51 Man-at-Arms
24:27 Castle Age
23:10 Stone Mining
26:03 Gold Mining
alexisjcw
6:08 Loom
12:45 Feudal Age
13:55 Town Watch
13:37 Man-at-Arms
21:49 Arson
22:05 Scale Mail Armor
22:16 Forging
22:01 Fletching
23:38 Stone Mining
23:35 Double-Bit Axe
24:27 Forging
26:15 Wheelbarrow
Trocotoide
10:41 Loom
14:01 Feudal Age
15:08 Double-Bit Axe
19:36 Castle Age
19:08 Bloodlines
20:17 Forging
25:42 Wheelbarrow
Mojo Jojo
4:56 Loom
13:02 Feudal Age
15:28 Double-Bit Axe
23:13 Fletching
26:19 Castle Age
24:59 Gold Mining
Chiqui Tapia
13:55 Feudal Age
17:37 Double-Bit Axe
24:57 Castle Age
23:51 Fletching
24:05 Padded Archer Armor
Bellota
6:12 Loom
12:59 Feudal Age
14:13 Double-Bit Axe
21:48 Wheelbarrow
Connection lost

Rejoining the realm…

Still unreachable

The connection could not be restored.

Session expired

The server has moved on; the page needs a fresh start.